 Dungeon Crawl Stone Soup version 0.25.0-37-gb73750e0fb (webtiles) character file.

Game seed: 12113465590923772638

525 Electrofox the Changer (level 7, -11/52 HPs)
             Began as a Black Draconian Transmuter on July 8, 2020.
             Killed by divine providence
             ... invoked by an orc priest
              (15 damage)
             ... on level 4 of the Dungeon.
             The game lasted 00:28:45 (4802 turns).

Electrofox the Changer (Black Draconian Transmuter) Turns: 4802, Time: 00:28:46

Health: -11/52     AC:  6    Str: 12    XL:     7   Next: 2%
Magic:  11/11      EV: 12    Int: 16    God:
Gold:   115        SH:  0    Dex: 11    Spells: 6/12 levels left

rFire    . . .     SeeInvis .   a - +2 dagger (elec)
rCold    . . .     Gourm    .   (no shield)
rNeg     . . .     Faith    .   (armour unavailable)
rPois    .         Spirit   .   (helmet restricted)
rElec    +         Reflect  .   (no cloak)
rCorr    .         Harm     .   (no gloves)
MR       .....                  (no boots)
Stlth    +.........             (no amulet)
HPRegen  0.17/turn              (no ring)
MPRegen  0.12/turn              (no ring)

@: short of breath, appendage
A: breathe lightning, unfitting armour, horns 2, electricity resistance,
cold-blooded, AC +6
a: Breathe Lightning, End Transformation


You were on level 4 of the Dungeon.
You were hungry.
You had grown temporary horns.
You visited 1 branch of the dungeon, and saw 4 of its levels.

You collected 115 gold pieces.

Inventory:

Hand Weapons
 a - a +2 dagger of electrocution (weapon)
 b - a +0 hunting sling
Missiles
 l - 59 arrows
 s - 15 sling bullets
Armour
 o - a +0 pair of gloves
Wands
 k - a wand of disintegration (10)
 u - a wand of polymorph (8)
Scrolls
 d - 3 scrolls of remove curse {unknown}
 f - a scroll of teleportation {unknown}
 n - a scroll of random uselessness {unknown}
 p - a scroll of fear {unknown}
 q - 2 scrolls of identify {unknown}
 t - a scroll of enchant weapon {unknown}
Potions
 e - a potion of heal wounds {unknown}
 h - a potion of resistance {unknown}
 i - 3 potions of curing {unknown}
 j - 3 potions of flight {unknown}
 r - 2 potions of magic {unknown}
Comestibles
 c - 7 rations
 g - 2 chunks of flesh


   Skills:
 - Level 1.1 Fighting
 - Level 2.0 Dodging
 - Level 3.0 Unarmed Combat
 - Level 3.0 Spellcasting
 + Level 6.3 Transmutations
 - Level 3.0 Poison Magic


You had 6 spell levels left.
You knew the following spells:

 Your Spells              Type           Power        Failure   Level  Hunger
a - Beastly Appendage     Tmut           ###...       1%          1    #......
b - Sticks to Snakes      Tmut           ###.....     1%          2    ##.....
c - Spider Form           Tmut/Pois      ###.......   9%          3    ###....

Your spell library contained the following spells:

 Spells                   Type           Power        Failure   Level  Hunger
 Blade Hands              Tmut           ###.......   36%         5    ######.
 Ice Form                 Ice/Tmut       ##......     45%         4    #####..


Dungeon Overview and Level Annotations

Branches:
Dungeon (4/15)
 Temple: D:4-7

Altars:
Fedhas
Okawaru

Annotations:
D:2 1 runed translucent door, exclusion: door, Crazy Yiuf
D:4 2 transporters, exclusion: downstairs, Curus's ghost, amateur DsBe


Innate Abilities, Weirdness & Mutations

You can breathe wild blasts of lightning.
Your glossy black scales are hard. (AC +6)
You cannot fit into any form of body armour.
You are resistant to electric shocks. (rElec)
You are cold-blooded and may be slowed by cold attacks.
You have a pair of horns on your head.


Message History

You tail-slap the hound, but do no damage.
The hound is almost dead.
The hound bites you.
* * * LOW HITPOINT WARNING * * *
You hit the hound. Lightning courses through the hound!
You kill the hound!
You have reached level 7!
Your scales start taking on a glossy black colour.
You learn Air Magic much quicker.
You learn Earth Magic much slower.
You can breathe wild blasts of lightning.
You feel insulated.
You breathe a wild blast of lightning!
The orb of electricity explodes!
The orb of electricity engulfs you. You resist.
* * * LOW HITPOINT WARNING * * *
The orb of electricity engulfs the orc priest!
The orc priest is severely wounded.
You feel somewhat more hungry.
The orc priest calls down the wrath of Beogh upon you.
Beogh smites you!
You die...

##### ### #...
######.#########.####
....#....รท..(ooo....#
##.....#.##...##@##.#
#..#.#.##.....#.#
##..##.####...##.#
....#### ##.###..
.....# #.# ### .###.#
#.# .# #.# #o# .###.#
.o. .....# ..o..


You could see an orc priest and 2 orcs.

Vanquished Creatures
  Sigmund (D:3)
  A centaur zombie (D:2)
  2 hounds (D:4)
  2 orc priests
  Jessica (D:2)
  Natasha (twice) (D:2)
  An iguana (D:4)
  Ijyb (D:3)
  3 adders
  2 oozes
  A worm (D:3)
  A dart slug (D:1)
  A leopard gecko (D:3)
  5 orcs
  2 giant cockroaches (D:2)
  8 goblins
  7 hobgoblins
  4 jackals (D:1)
  2 kobolds (D:1)
  7 bats
  3 frilled lizards
  5 rats
62 creatures vanquished.

Vanquished Creatures (collateral kills)
  2 orcs (D:3)
  A bat (D:3)
  A goblin (D:3)
4 creatures vanquished.

Grand Total: 66 creatures vanquished

Notes
Turn   | Place    | Note
-------+----------+-------------------------------------------
     0 | D:1      | Electrofox the Draconian Transmuter began the quest for the
                  | Orb.
     0 | D:1      | Reached XP level 1. HP: 16/16 MP: 3/3
   320 | D:1      | Reached XP level 2. HP: 22/23 MP: 3/5
   978 | D:2      | Learned a level 2 spell: Sticks to Snakes
   980 | D:2      | Found an iron altar of Okawaru.
  1019 | D:2      | Reached skill level 3 in Transmutations
  1081 | D:2      | Reached XP level 3. HP: 28/28 MP: 6/6
  1195 | D:2      | Noticed Jessica
  1217 | D:2      | Killed Jessica
  1464 | D:2      | Reached XP level 4. HP: 15/35 MP: 5/8
  1721 | D:2      | Found a runed translucent door.
  1722 | D:2      | Noticed Crazy Yiuf
  1782 | D:2      | Reached skill level 4 in Transmutations
  1790 | D:2      | Learned a level 3 spell: Spider Form
  1835 | D:2      | Noticed Natasha
  1855 | D:2      | Killed Natasha
  2117 | D:2      | Reached XP level 5. HP: 40/40 MP: 9/9
  2439 | D:2      | HP: 1/40 [orc priest (2)]
  2440 | D:2      | Reached skill level 1 in Poison Magic
  2832 | D:2      | Noticed Natasha
  2841 | D:2      | Killed Natasha
  3166 | D:3      | Noticed Sigmund
  3253 | D:3      | Reached skill level 5 in Transmutations
  3670 | D:3      | Killed Sigmund
  3670 | D:3      | Reached XP level 6. HP: 15/47 MP: 6/10
  3995 | D:3      | Noticed Ijyb
  4021 | D:3      | Killed Ijyb
  4660 | D:4      | Found a blossoming altar of Fedhas.
  4683 | D:4      | Found a transporter.
  4685 | D:4      | Reached skill level 6 in Transmutations
  4695 | D:4      | Noticed Curus's ghost (amateur DsBe)
  4699 | D:4      | Found a transporter.
  4801 | D:4      | Your scales start taking on a glossy black colour.
  4801 | D:4      | Reached XP level 7. HP: 6/52 MP: 11/11
  4801 | D:4      | Gained mutation: You are resistant to electric shocks.
                  | (rElec) [Black Draconian growth]
  4802 | D:4      | Killed from afar by an orc priest

Illustrated notes

Levels and vault maps discovered:
D:1:      saegor_arrival_simple_a, layout_loops_corners
D:2:      layout_basic, okawaru_gym_becter, minmay_pentomino_w2,
          uniq_crazy_yiuf_cottage, uniq_jessica, uniq_natasha
D:3:      lemuel_upstairs_altar, layout_basic, uniq_ijyb, uniq_sigmund
D:4:      layout_loops_corners, nicolae_overflow_crystal_walls, first_ration,
          gammafunk_ghost_arena, minmay_fire_ice_demons

Skill      XL: |  1  2  3  4  5  6 |
---------------+-------------------+-----
Dodging        | 2 |  2.0
Transmutations | 3 4 5 6 |  6.3
Spellcasting   | 3 |  3.0
Poison Magic   | 2 3 |  3.0
Fighting       | |  1.1
Unarmed Combat | |  3.0

Action                   |  1- 3 |  4- 6 |  7- 9 || total
-------------------------+-------+-------+-------++-------
Melee: Unarmed           |    69 |     3 |       ||    72
       Tailslap          |    13 |    10 |       ||    23
       Kick              |     2 |     4 |       ||     6
       Dagger            |    21 |    98 |       ||   119
       Punch             |     1 |       |       ||     1
       Headbutt          |       |     5 |       ||     5
 Fire: Hunting sling     |       |    20 |       ||    20
Throw: Javelin           |     5 |    12 |       ||    17
 Cast: Beastly Appendage |     5 |     9 |       ||    14
       Sticks to Snakes  |     3 |     6 |       ||     9
       Spider Form       |       |     1 |       ||     1
 Abil: Breathe Lightning |       |       |     1 ||     1
 Stab: Sleeping          |       |     1 |       ||     1
  Eat: Chunk             |     2 |     7 |       ||     9
       Ration            |       |     1 |       ||     1
Armor: Skin              |    30 |    42 |       ||    72
Dodge: Dodged            |    50 |    75 |       ||   125
